 Dungeon Crawl Stone Soup version 0.31.0-32-g396128a36d (webtiles) character file.

Game seed: 11496575209269619735

210 nel the Ruffian (level 5, -5/40 HPs)
             Began as a Demigod Shapeshifter on Apr 10, 2024.
             Killed from afar by Blork the orc (10 damage)
             ... with a puff of frost
             ... on level 5 of the Dungeon.
             The game lasted 00:05:11 (3824 turns).

nel the Ruffian (Demigod Shapeshifter)              Turns: 3824, Time: 00:05:11

Health: -5/40      AC:  6    Str: 19    XL:     5   Next: 31%
Magic:  7/7        EV: 10    Int: 12    God:
Gold:   210        SH:  0    Dex: 13    Spells: 4/4 levels left

rFire   . .          .
                       - Unarmed
rCold   . . .        (no shield)
rNeg    . . .        w - +0 scale mail
rPois   .            (helmet currently unavailable)
rElec   .            (cloak currently unavailable)
rCorr   .            (gloves currently unavailable)
SInv    .            (boots currently unavailable)
Will    .....        (no amulet) Stlth
                     (no ring)
HPRegen 0.26/turn    (no ring)
MPRegen 0.10/turn

%: no passive effects
@: beast-form, attractive, invisible
A: beast (slay +1), high MP 1, forlorn, divine attributes
a: Begin Untransformation


You were on level 5 of the Dungeon.
You were a hulking beast.
You visited 1 branch of the dungeon, and saw 5 of its levels.

You collected 210 gold pieces.

Inventory:

Hand Weapons
 n - the +6 whip of Xaynaogh {freeze, *Rage rPois rN+}
   (You found it on level 2 of the Dungeon)

   rPois:     It protects you from poison rN+: It protects you from negative
   energy.
   *Rage:     It berserks you when you make melee attacks (+20% chance).
Missiles
 m - a poisoned dart (quivered)
Armour
 a - a +0 animal skin
 w - a +0 scale mail (worn)
 A - a +0 leather armour
Jewellery
 j - a ring of resist corrosion
 v - a ring of magical power
 y - a ring of wizardry
Talismans
 c - a beast talisman
 d - a flux talisman
Wands
 q - a wand of iceblast (5)
Scrolls
 g - a scroll of fear {unknown}
 h - 5 scrolls of poison {unknown}
 l - 2 scrolls of enchant armour {unknown}
 p - a scroll of amnesia {unknown}
 u - 2 scrolls of identify {unknown}
 x - a scroll of teleportation {unknown}
 z - a scroll of noise {unknown}
Potions
 b - 2 potions of lignification
 e - a potion of attraction
 f - a potion of invisibility
 i - a potion of degeneration {unknown}
 k - 5 potions of curing
 o - 2 potions of haste {unknown}
 r - 2 potions of mutation {unknown}
 s - a potion of berserk rage {unknown}
 t - a potion of heal wounds {unknown}


   Skills:
 - Level 1.5 Fighting
 + Level 2.9 Dodging
 * Level 4.3 Unarmed Combat
 + Level 3.4 Shapeshifting


You had 4 spell levels left.
You didn't know any spells.
Your spell library contained the following spells:

 Spells                   Type           Power      Damage    Failure   Level
 Freeze                   Ice            0%         1d3       71%         1
 Frozen Ramparts          Ice            0%         1d1       97%         3
 Fugue of the Fallen      Necr           0%         N/A       97%         3
 Hailstorm                Conj/Ice       0%         3d5       97%         3
 Ozocubu's Armour         Ice            0%         N/A       97%         3
 Manifold Assault         Tloc           0%         N/A       100%        4


Dungeon Overview and Level Annotations

Branches:
Dungeon (5/15)
 Temple: D:4-7

Annotations:
D:5 Blork the orc


Innate Abilities, Weirdness & Mutations

You are a hulking beast.
Your limbs bulge with bestial killing power. (Slay +1)
You have an increased reservoir of magic. (+10% MP)
You shall have no god before yourself.
Your divine heritage dramatically boosts your attributes as you level up.


Message History

Blork the orc points at you and mumbles some strange words.
The puff of frost hits you.
You are too injured to fight recklessly!
You are too injured to fight recklessly!
You barely miss Blork the orc.
Blork the orc is heavily wounded.
Blork the orc barely misses you.
You punch Blork the orc!
Blork the orc is severely wounded.
Blork the orc hits you with a +2 dire flail of holy wrath!
* * * LOW HITPOINT WARNING * * *
You barely miss Blork the orc.
Blork the orc is severely wounded.
Blork the orc hits you with a +2 dire flail of holy wrath.
* * * LOW HITPOINT WARNING * * *
It was a potion of attraction.
You feel attractive to monsters.
Blork the orc hits you but does no damage.
It was a potion of invisibility.
You fade into invisibility!
Blork the orc barely misses you.
Blork the orc points at something and mumbles some strange words.
Blork the orc is attracted toward you.
You hit Blork the orc.
Blork the orc is severely wounded.
Blork the orc barely misses you.
You strike the helpless Blork the orc from behind!
You hit Blork the orc.
Blork the orc is almost dead.
Blork the orc misses you.
You barely miss Blork the orc.
Blork the orc is almost dead.
Blork the orc hits you with a +2 dire flail of holy wrath!
* * * LOW HITPOINT WARNING * * *
Blork the orc is attracted toward you.
You barely miss Blork the orc.
Blork the orc is almost dead.
Blork the orc gestures at you while chanting.
The puff of frost hits you!
You die...

#..# #..# #..#
#..# #..# ## #..#
....###ยง.#######
#.....o..(....
#####.h#######
#).# #..# #..#
#..# #..# #..#
#..#


You could see Blork the orc (unable to see you).

Vanquished Creatures
  A scorpion (D:4)
  A sleepcap (D:4)
  Terence (D:3)
  2 adders (D:2)
  4 dart slugs
  3 ribbon worms (D:2)
  3 orcs (D:3)
  3 endoplasms
  5 giant cockroaches
  10 goblins
  5 hobgoblins
  2 jackals (D:2)
  4 kobolds
  2 quokkas
  5 ball pythons
  4 bats
  A frilled lizard (D:3)
  6 rats
62 creatures vanquished.

Notes
Turn   | Place    | Note
-------+----------+-------------------------------------------
     0 | D:1      | nel the Demigod Shapeshifter began the quest for the Orb.
     0 | D:1      | Reached XP level 1. HP: 15/15 MP: 3/3
   156 | D:1      | Reached skill level 1 in Fighting
   679 | D:2      | Reached XP level 2. HP: 23/23 MP: 4/4
   763 | D:2      | Reached skill level 3 in Unarmed Combat
   902 | D:2      | Identified the +6 whip of Xaynaogh {freeze, *Rage rPois
                  | rN+}
  1060 | D:2      | Reached XP level 3. HP: 28/28 MP: 5/5
  2197 | D:3      | Reached XP level 4. HP: 35/35 MP: 6/6
  2214 | D:3      | Noticed Terence
  2220 | D:3      | Killed Terence
  2608 | D:4      | Reached skill level 4 in Unarmed Combat
  2608 | D:4      | Reached XP level 5. HP: 17/40 MP: 7/7
  3801 | D:5      | Entered Level 5 of the Dungeon
  3806 | D:5      | Noticed Blork the orc
  3824 | D:5      | Killed from afar by Blork the orc

Illustrated notes

Levels and vault maps discovered:
D:1:      minmay_arrival_stone_box, layout_basic, hex_tiny
D:2:      layout_loops_cross, hellmonk_ecumenical_altar_inner_sanctum,
          kennysheep_generic_room_13
D:3:      layout_loops_ring, mainiacjoe_overflow_24_doors, minmay_starry_boxes,
          uniq_terence
D:4:      layout_basic
D:5:      minmay_skewed_foursquare, layout_loops_ring, serial_shops,
          nicolae_shop_overgrown_old_shop, nicolae_shop_just_a_little_nook,
          shop, nicolae_shop_back_alley_shop, nicolae_square_shop,
          portal_sewer_entry_e, uniq_crazy_yiuf_cottage, uniq_eustachio,
          uniq_ijyb, uniq_blork_the_orc

Skill      XL: |  1  2  3  4 |
---------------+-------------+-----
Fighting       | 1 |  1.5
Dodging        | 2 |  2.9
Unarmed Combat | 3 4 |  4.3
Shapeshifting  | 3 |  3.4

Action                     |  1- 3 |  4- 6 || total
---------------------------+-------+-------++-------
  Melee: Unarmed           |   147 |    69 ||   216
         Punch             |     5 |     1 ||     6
  Throw: Dart              |       |     3 ||     3
    Use: Potion            |       |     3 ||     3
   Stab: Sleeping          |     1 |       ||     1
         Invisible         |       |     1 ||     1
 Armour: Animal skin       |    69 |     5 ||    74
         Scale mail        |       |    34 ||    34
  Dodge: Dodged            |    79 |    27 ||   106
